AoeStats
← Hungern625

Arabia

506146726Analyzed
1v1 RM · 20d ago on Sep 12, 2026· 29m 26s· 2 players
Game mode
Random Map
Map size
Tiny (2 player)
Population
200
Speed
Normal
Resources
Standard
Victory
Conquest
Starting age
Dark Age
Ending age
Imperial Age
RankedLock teamsTeams togetherTeam positionsShared explorationLock speedFull tech treeHidden civsTurbo modeCheats
Victory
Defeat
🇰🇷 Portuguese · South Korea
1188
+17
🇬🇧 Britons · United Kingdom
1203
-17
Hungern625
4:37 Loom
9:09 Feudal Age
9:55 Double-Bit Axe
15:00 Horse Collar
20:17 Castle Age
18:26 Gold Mining
19:04 Bloodlines
21:16 Scale Barding Armor
26:00 Wheelbarrow
25:48 Forging
26:28 Husbandry
Mufasa
6:44 Loom
9:45 Feudal Age
10:55 Double-Bit Axe
20:57 Castle Age
21:33 Wheelbarrow
20:44 Horse Collar
21:23 Forging
22:32 Fletching
23:14 Bodkin Arrow
23:35 Squires
23:34 Gold Mining
23:20 Pikeman
24:50 Scale Mail Armor
26:33 Chain Mail Armor
27:50 Padded Archer Armor
Connection lost

Rejoining the realm…

Still unreachable

The connection could not be restored.

Session expired

The server has moved on; the page needs a fresh start.